 Dungeon Crawl Stone Soup version 0.31-a0-1154-gadca813 (webtiles) character file.

Game seed: 17618219388586088115

1782557 Kearsarge the Slayer (level 26, 226/226 HPs)
             Began as a Gnoll Hexslinger on Dec 7, 2023.
             Was an Initiate of Gozag.
             Escaped with the Orb
             ... and 3 runes!
             The game lasted 01:38:07 (58584 turns).

Kearsarge the Slayer (Gnoll Hexslinger)            Turns: 58584, Time: 01:38:07

Health: 226/226    AC: 29    Str: 26    XL:     26   Next: 68%
Magic:  44/44      EV: 28    Int:  9    God:    Gozag
Gold:   2733       SH:  5    Dex: 30    Spells: 35/60 levels left

rFire   + + .        M - +8 longbow "Zephyr" {speed, Dex+3 SInv}
rCold   + . .        (shield currently unavailable)
rNeg    + + .        Q - +5 fire dragon scales of Tofo {Harm rF++ rC- Str+5 Int-3 Slay+4}
rPois   +            J - -2 hat "Joopsee" {rC+ rN+ Dex+3 Stlth-}
rElec   +            K - +2 cloak {rPois}
rCorr   .            L - +1 pair of gloves of Conscience {Harm rElec Slay+6}
SInv    +            y - +2 pair of boots
Will    ++...        O - amulet "Efanogg" {Reflect rC+ rN+ Str+2 SH+5}
Stlth   +            X - ring "Qovacas" {Drain rElec rPois Will+ Str+6}
HPRegen 0.57/turn    R - ring of protection from cold
MPRegen 0.29/turn

%: harm (+45% outgoing, +30% incoming), reflection
@: on fire, glowing, studying 2 skills
A: fangs 1, strong nose, distributed training, horns 2, strong 1, cold
vulnerability 1
0: Orb of Zot
}: 3/15 runes: decaying, silver, gossamer
a: Renounce Religion, Potion Petition, Call Merchant, Bribe Branch


You escaped.
You worshipped Gozag.
Gozag was most pleased with you.
You visited 9 branches of the dungeon, and saw 47 of its levels.
You visited 1 ziggurat, and saw 7 of its levels.
You also visited: Ossuary, Gauntlet and Wizlab.

You collected 26684 gold pieces.
You spent 3336 gold pieces at shops.
You paid 20615 gold pieces to Gozag.

Inventory:

Hand Weapons
 r - a +0 triple crossbow
 M - the +8 longbow "Zephyr" (weapon) {speed, Dex+3 SInv}
   (You found it on level 3 of the Lair of Beasts)

   Dex+3:     It affects your dexterity (+3).
   SInv:      It lets you see invisible.
 Y - the +7 captain's cutlass {speed, disarm}
   (You found it on level 7 of a ziggurat)
Missiles
 b - a throwing net
 S - 10 curare-tipped darts
Armour
 x - a +2 tower shield of fire resistance
 y - a +2 pair of boots (worn)
 J - the -2 hat "Joopsee" (worn) {rC+ rN+ Dex+3 Stlth-}
   (You found it in a Gauntlet)

   Dex+3:     It affects your dexterity (+3).
   rC+:       It protects you from cold.
   rN+:       It protects you from negative energy.
   Stlth-:    It makes you less stealthy.
 K - a +2 cloak of poison resistance (worn)
 L - the +1 pair of gloves of Conscience (worn) {Harm rElec Slay+6}
   (You bought it in a shop on level 1 of the Lair of Beasts)

   Slay+6:    It affects your accuracy & damage with ranged weapons and melee
   (+6).
   rElec:     It insulates you from electricity.
   Harm:      It increases damage dealt and taken.
 Q - the +5 fire dragon scales of Tofo (worn) {Harm rF++ rC- Str+5 Int-3 Slay+4}
   (You took it off a rakshasa on level 2 of the Depths)

   Str+5:     It affects your strength (+5).
   Int-3:     It affects your intelligence (-3).
   Slay+4:    It affects your accuracy & damage with ranged weapons and melee
   (+4).
   rF++:      It greatly protects you from fire.
   rC-:       It makes you vulnerable to cold.
   Harm:      It increases damage dealt and taken.
 V - the +5 ring mail "Gecluphe" {+Blink Dex+3}
   (You found it on level 1 of the Elven Halls)

   Dex+3:     It affects your dexterity (+3).
   +Blink:    It lets you blink.
Jewellery
 A - a ring of flight
 O - the amulet "Efanogg" (around neck) {Reflect rC+ rN+ Str+2 SH+5}
   (You bought it in a shop on level 7 of the Dungeon)

   [amulet of reflection]

   Reflect:   It reflects blocked missile attacks.
   Str+2:     It affects your strength (+2).
   rC+:       It protects you from cold.
   rN+:       It protects you from negative energy.
   SH+5:      It affects your SH (+5).
 R - a ring of protection from cold (right hand)
 T - a ring of protection from fire
 X - the ring "Qovacas" (left hand) {Drain rElec rPois Will+ Str+6}
   (You bought it in a shop on level 5 of the Lair of Beasts)

   [ring of willpower]

   Str+6:     It affects your strength (+6).
   rElec:     It insulates you from electricity.
   rPois:     It protects you from poison Will+: It increases your willpower.
   Drain:     It drains your maximum health when unequipped.
Wands
 a - a wand of iceblast (50)
 d - a wand of light (16)
 v - a wand of charming (45)
 z - a wand of digging (15)
Scrolls
 c - 10 scrolls of vulnerability
 e - 5 scrolls of enchant weapon
 f - 8 scrolls of amnesia
 j - 11 scrolls of fog
 m - 7 scrolls of poison
 q - 4 scrolls of fear
 G - 8 scrolls of immolation
 H - 2 scrolls of torment
 I - 2 scrolls of brand weapon
 N - 2 scrolls of enchant armour
 P - 11 scrolls of teleportation
Potions
 g - 8 potions of heal wounds
 h - 23 potions of curing
 i - 5 potions of invisibility
 k - 3 potions of mutation
 l - 6 potions of brilliance
 p - 6 potions of resistance
 s - 11 potions of enlightenment
 t - 5 potions of haste
 w - 12 potions of might
 C - 4 potions of attraction
 D - 5 potions of lignification
 E - 12 potions of magic
 F - 8 potions of ambrosia
 W - a potion of cancellation
Miscellaneous
 o - a phial of floods
 u - a box of beasts
 B - a lightning rod (2/4)
 Z - a condenser vane (inert)


   Skills:
 + Level 22.7 Fighting
 + Level 17.6 Short Blades
 + Level 17.6 Long Blades
 + Level 17.6 Axes
 + Level 17.6 Maces & Flails
 + Level 17.6 Polearms
 + Level 17.6 Staves
 + Level 18.1 Ranged Weapons
 + Level 17.6 Throwing
 + Level 21.0 Armour
 + Level 18.1 Dodging
 + Level 17.6 Stealth
 + Level 17.6 Shields
 + Level 17.6 Unarmed Combat
 + Level 17.8 Spellcasting
 + Level 15.0 Conjurations
 + Level 15.8 Hexes
 + Level 15.0 Summonings
 + Level 15.0 Necromancy
 + Level 15.0 Translocations
 + Level 15.0 Transmutations
 + Level 15.1 Fire Magic
 + Level 15.0 Ice Magic
 + Level 15.0 Air Magic
 + Level 15.0 Earth Magic
 + Level 15.0 Poison Magic
 + Level 19.0 Invocations
 + Level 17.6 Evocations
 + Level 16.2 Shapeshifting


You had 35 spell levels left.
You knew the following spells:

 Your Spells              Type           Power      Damage    Failure   Level
a - Death Channel         Necr           17%        N/A       3%          6
c - Inner Flame           Hex/Fire       35%        N/A       1%          3
d - Cause Fear            Hex            18%        N/A       1%          4
e - Dimensional Bullseye  Hex/Tloc       17%        N/A       1%          4
f - Olgreb's Toxic Radia  Pois           35%        N/A       1%          4
g - Summon Lightning Spi  Summ/Air       35%        N/A       1%          4

Your spell library contained the following spells:

 Spells                   Type           Power      Damage    Failure   Level
 Slow                     Hex            100%       N/A       0%          1
 Apportation              Tloc           70%        N/A       1%          1
 Foxfire                  Conj/Fire      100%       2x1d9     1%          1
 Freeze                   Ice            100%       1d10      1%          1
 Magic Dart               Conj           100%       1d8       1%          1
 Necrotise                Necr           100%       1d9       1%          1
 Sandblast                Erth           70%        2d15      1%          1
 Summon Small Mammal      Summ           100%       N/A       1%          1
 Blink                    Tloc           70%        N/A       1%          2
 Call Imp                 Summ           70%        N/A       1%          2
 Ensorcelled Hibernation  Hex/Ice        70%        N/A       1%          2
 Jinxbite                 Hex            72%        N/A       1%          2
 Lesser Beckoning         Tloc           70%        N/A       1%          2
 Momentum Strike          Conj/Tloc      70%        3d9       1%          2
 Passwall                 Tmut/Erth      29%        N/A       1%          2
 Static Discharge         Conj/Air       70%        3-6/arc   1%          2
 Call Canine Familiar     Summ           35%        N/A       1%          3
 Confusing Touch          Hex            36%        N/A       1%          3
 Dazzling Flash           Conj/Hex       70%        N/A       1%          3
 Frozen Ramparts          Ice            70%        1d11      1%          3
 Hailstorm                Conj/Ice       35%        3d8       1%          3
 Ignite Poison            Fire/Tmut/Pois 35%        N/A       1%          3
 Mephitic Cloud           Conj/Pois/Air  35%        N/A       1%          3
 Ozocubu's Armour         Ice            35%        N/A       1%          3
 Sigil of Binding         Hex            36%        N/A       1%          3
 Stone Arrow              Conj/Erth      70%        3d11      1%          3
 Summon Guardian Golem    Hex/Summ       35%        N/A       1%          3
 Swiftness                Air            35%        N/A       1%          3
 Vampiric Draining        Necr           35%        2d8       1%          3
 Airstrike                Air            17%        2d(3-19)  1%          4
 Anguish                  Hex/Necr       17%        N/A       1%          4
 Animate Armour           Summ/Erth      70%        N/A       1%          4
 Brom's Barrelling Bould  Conj/Erth      35%        2d5       1%          4
 Iskenderun's Mystic Bla  Conj/Tloc      35%        2d8       1%          4
 Manifold Assault         Tloc           35%        N/A       1%          4
 Sticky Flame             Conj/Fire      35%        2d5       1%          4
 Summon Ice Beast         Ice/Summ       35%        N/A       1%          4
 Vhi's Electric Charge    Tloc/Air       70%        N/A       1%          4
 Agony                    Necr           35%        N/A       1%          5
 Arcjolt                  Conj/Air       17%        1d27      1%          5
 Borgnjor's Vile Clutch   Necr/Erth      17%        N/A       1%          5
 Fireball                 Conj/Fire      17%        3d9       1%          5
 Iskenderun's Battlesphe  Conj           35%        2d9       1%          5
 Lee's Rapid Deconstruct  Erth           17%        3d11*     1%          5
 Metabolic Englaciation   Hex/Ice        17%        N/A       1%          5
 Silence                  Hex/Air        17%        N/A       1%          5
 Summon Forest            Summ/Tloc      17%        N/A       1%          5
 Summon Mana Viper        Hex/Summ       35%        N/A       1%          5
 Bombard                  Conj/Erth      17%        9d4       3%          6
 Conjure Ball Lightning   Conj/Air       17%        3x3d6     3%          6
 Eringya's Noxious Bog    Tmut/Pois      17%        4d6       3%          6
 Plasma Beam              Fire/Air       17%        2x1d29    3%          6
 Summon Cactus Giant      Summ           17%        N/A       3%          6
 Haunt                    Necr/Summ      17%        N/A       21%         7
 Orb of Destruction       Conj           17%        9d7       21%         7
 Ozocubu's Refrigeration  Ice            17%        4d11      21%         7
 Spellforged Servitor     Conj/Summ      17%        N/A       21%         7
 Summon Hydra             Summ           17%        N/A       21%         7
 Discord                  Hex            18%        N/A       73%         8
 Ignition                 Fire           17%        3d7       83%         8
 Borgnjor's Revivificati  Necr           17%        N/A       85%         8
 Infestation              Necr           17%        N/A       85%         8
 Lehudib's Crystal Spear  Conj/Erth      17%        10d5      85%         8
 Death's Door             Necr           17%        N/A       100%        9
 Fire Storm               Conj/Fire      17%        8d5       100%        9
 Polar Vortex             Ice            17%        12d2*     100%        9
 Animate Dead             Necr           Unusable   N/A       N/A         4
 Simulacrum               Ice/Necr       Unusable   N/A       N/A         6

Dungeon Overview and Level Annotations

Branches:
Dungeon (15/15)            Temple (0/1) D:7            Lair (5/5) D:11
  Swamp (4/4) Lair:3       Spider (4/4) Lair:3        Slime (0/5) Lair:4
    Orc (2/2) D:9             Elf (3/3) Orc:2        Vaults (5/5) D:14
  Crypt (0/3) Vaults:3     Depths (4/4) D:15            Zot (5/5) Depths:4
Ossuary (visited)          WizLab (visited)         Gauntlet (visited)

Altars:
Cheibriados
Dithmenos
Gozag
Hepliaklqana
Kikubaaqudgha
Okawaru
Qazlal
Ru
Sif Muna
Vehumet
Wu Jian
The Shining One
Jiyva

Shops:
D:3 (   D:7 =   D:9 [   D:11 (   D:12 (   Orc:2 =!((   Elf:1 [   Lair:1 [
Lair:5 =   Swamp:4 =   Vaults:1 ((=   Vaults:3 :   Vaults:4 [   Depths:2 ?
Depths:4 *=

Portals:
Hell: Depths:1 Depths:2 Depths:3 Depths:4
Abyss: Depths:3
Pandemonium: Depths:2 Depths:4

Annotations:
Swamp:3 3 runed translucent doors, Kiptoyr's ghost, adept MiFi
Elf:2 5 runed translucent doors
Elf:3 Zenata
Depths:1 1 runed translucent door, Tiaserch's ghost, veteran HOFi
Depths:3 1 runed translucent door, exclusion: orange crystal statue


Innate Abilities, Weirdness & Mutations

You have very sharp teeth.
Your uncanny sense of smell can sniff out nearby items.
Your experience applies equally to all skills.
You have a pair of horns on your head.
Your muscles are strong. (Str +4, Int/Dex -1)
You are vulnerable to cold. (rC-)


Message History

You start waiting.
Your surroundings suddenly seem different.
As you read the scroll of teleportation, it crumbles to dust.
You feel strangely unstable.
You feel the Orb delaying your translocation!
You start waiting.
Your surroundings suddenly seem different.
As you read the scroll of teleportation, it crumbles to dust.
You feel strangely unstable.
You feel the Orb delaying your translocation!
You start waiting.
Your surroundings suddenly seem different.
As you read the scroll of teleportation, it crumbles to dust.
You feel strangely unstable.
You feel the Orb delaying your translocation!
You start waiting.
Your surroundings suddenly seem different.
Aiming: Dig
Press: ? - help, Q - select action, (/) - cycle Shift-Dir - straight line A rock wall.
This square is covered in magical glow.
The rock shatters into small pieces.
Blink to where?
Press: ? - help, Q - select action, (/) - cycle Dir - move target A goblin and a bat come into view.
As you read the scroll of blinking, it crumbles to dust. 2 hellwings and 2 smoke demons come into view.
Blink to where?
Press: ? - help, Q - select action, (/) - cycle Dir - move target
As you read the scroll of blinking, it crumbles to dust.
The smoke demon roars! x2
The smoke demon gestures at you.
The sticky flame hits you but does no damage.
You are covered in liquid flames!
The smoke demon gestures at you.
You block the sticky flame... and reflect it back!
The sticky flame misses the smoke demon.
The hellwing swoops through the air toward you!
The hellwing misses you. The hellwing closely misses you.
You have escaped!

#†#...#### ~.#..##...#.#.####.
#........#.~≈≈~..~.#...##........
###...####.≈~≈.~≈~~....##.#.#####
#..## ~~.~.~≈≈≈≈....####.# #.##
#...~~≈≈≈~...###...# #.# #
#.~.~~≈≈≈≈~.####.## #.#
#.#..≈~~.~≈≈≈.#....# ## #.#
#.#..3§§.~~~≈.#...## #. #.#
.g.4~3§@4.~≈~##.## #. #.#
##.≈≈≈...~.~≈#### #. #.#
#.~≈~b≈≈~≈..# #. #.#
##.~≈~~≈≈~~.## #.
#.######...~§≈≈≈≈..### #.
#.....###.#.~~≈≈~~.~.# ##
########.##.~≈~~~....#
##...~..~...#.## #......#...#)..#


You could see 2 hellwings, 2 smoke demons, a goblin and a bat.

Vanquished Creatures
  A seraph (Depths:4)
  3 ancient liches
  A dread lich (Vaults:5)
  3 orbs of fire
  3 pandemonium lords
  3 juggernauts
  A curse toe (Zot:5)
  Saint Roka (Vaults:2)
  A caustic shrike (Depths:3)
  Jory (Vaults:2)
  6 golden dragons
  A bone dragon (Depths:4)
  Arachne (Spider:4)
  3 electric golems
  2 doom hounds (Zot:3)
  7 tentacled monstrosities
  6 liches
  Grunn (Zot:3)
  An Ice Fiend (Zot:5)
  6 titans (Vaults:5)
  11 Orb Guardians
  A deep elf master archer (Elf:3)
  A walking frostbound tome (Depths:3)
  2 quicksilver dragons
  4 death cobs
  3 acid blobs
  2 thorn hunters (Swamp:2)
  4 sphinxes
  14 shadow dragons
  An ancient champion (Zig:1)
  9 tengu reavers
  Kirke (D:12)
  7 storm dragons
  4 draconian monks
  A nagaraja (Zig:6)
  A rockslime (Zig:4)
  The ghost of Atuqedy the Earth Mage, an adept DsEE of Hepliaklqana (Elf:1)
  19 fire giants
  2 daevas
  6 iron dragons
  Louise (Depths:3)
  19 frost giants
  3 draconian knights
  2 balrugs
  A deep elf sorcerer (Elf:2)
  4 emperor scorpions
  3 orc warlords
  11 vault wardens
  3 draconian stormcallers
  2 draconian scorchers
  5 ghost moths
  A draconian shifter (Zot:5)
  2 war gargoyles
  3 draconian annihilators
  2 stone giants (Depths:1)
  A cacodemon (Depths:4)
  3 spriggan defenders
  14 ironbound preservers
  2 quicksilver oozes (Zig:5)
  17 very ugly things
  4 formless jellyfish
  11 vampire knights
  10 ironbound thunderhulks
  7 green draconians
  Nessos (Lair:5)
  3 eleionomae
  A minotaur (Gauntlet)
  5 black draconians
  A lorocyproca (Depths:4)
  3 red draconians (Depths:4)
  18 purple draconians
  7 spark wasps
  4 deep elf annihilators
  2 yellow draconians
  2 bunyips
  8 ettins
  7 statues (WizLab)
  2 deep elf death magi
  2 green deaths (Swamp:4)
  7 yaktaur captains
  A merfolk javelineer (Depths:3)
  18 fire dragons
  3 jiangshi (Depths:4)
  11 entropy weavers
  7 great orbs of eyes
  7 jorogumos
  3 deep elf high priests (Vaults:5)
  6 ice dragons
  2 spriggan zombies (Depths:2)
  14 hydras
  2 peacekeepers
  An ice dragon (shapeshifter) (Vaults:5)
  10 vault guards
  2 hell beasts
  11 ironbound frosthearts
  4 ogre magi
  4 catoblepae
  4 spriggan air magi
  7 alligators
  7 rakshasas
  6 ghost crabs
  Erolcha (Orc:2)
  3 death knights
  3 radroaches
  3 two-headed ogres
  26 centaur warriors
  15 dancing weapons
  A deep troll shaman (Depths:2)
  3 boulder beetles
  5 tengu warriors
  8 death yaks (Lair:5)
  3 spriggan berserkers
  A deep troll earth mage (Depths:1)
  8 demonic crawlers
  2 vampire magi
  A thrashing horror (Swamp:4)
  An orc high priest (Elf:2)
  An occultist (Depths:1)
  8 spriggans
  3 sun demons (Depths:4)
  2 shock serpents (shapeshifter)
  Sonja (D:10)
  6 deep elf knights
  4 skeletal warriors (D:15)
  2 hell knights
  2 sixfirhies (Depths:4)
  8 pharaoh ants
  2 soul eaters (Depths:2)
  2 skysharks (Lair:5)
  3 iron trolls
  30 deep trolls
  2 shadow wraiths
  2 orb spiders (shapeshifter)
  8 swamp dragons (Swamp:4)
  A spectral hydra (Lair:3)
  2 spriggan druids
  A shadow demon (Depths:2)
  2 glowing orange brains
  5 goliath frogs
  2 flayed ghosts
  A glowing orange brain (shapeshifter) (Vaults:5)
  9 orb spiders
  18 ironbound convokers
  11 bog bodies
  15 harpies
  12 lindwurms
  5 phantasmal warriors
  10 deep elf archers
  A necromancer (Vaults:2)
  4 arcanists
  11 deep elf zephyrmancers
  8 steelbarb worms
  7 orc knights
  26 ugly things
  10 orc sorcerers
  11 deep elf pyromancers
  7 cyclopes
  11 wolf spiders
  A large abomination (Swamp:4)
  A shining eye (shapeshifter) (Vaults:5)
  2 shining eyes (Zig:5)
  3 will-o-the-wisps
  14 moths of wrath
  A frost giant zombie (Vaults:2)
  16 vault sentinels
  4 manticores
  An apocalypse crab (Gauntlet)
  4 black mambas
  An eye of devastation (shapeshifter) (Vaults:5)
  Joseph (D:7)
  A torpor snail (Spider:1)
  5 orange demons
  A kobold blastminer (Orc:1)
  4 smoke demons
  13 cane toads
  2 eyes of devastation (Zig:7)
  A cane toad (shapeshifter) (D:14)
  A hellion (Zig:2)
  A freezing wraith (Vaults:5)
  An unseen horror (shapeshifter) (D:13)
  17 yaktaurs
  11 komodo dragons
  3 rime drakes
  2 efreet
  A red devil (D:14)
  2 tormentors
  17 tengu conjurers
  2 hellwings (Zot:2)
  A meliai (shapeshifter) (Vaults:5)
  9 tyrant leeches
  9 hornets
  5 trolls
  7 polar bears
  Grinder (D:4)
  A blink frog (shapeshifter) (Elf:1)
  A raiju (shapeshifter) (D:14)
  A spectral dream sheep (Lair:3)
  31 tarantellas
  2 glass eyes
  An elf zombie (Vaults:2)
  4 dream sheep (Lair:4)
  12 blink frogs
  A spectral black mamba (Lair:3)
  A dream sheep (shapeshifter) (D:15)
  26 jumping spiders
  A centaur simulacrum (D:15)
  6 shadows
  9 air elementals
  15 culicivoras
  16 water elementals
  45 slime creatures
  8 wraiths
  62 yaks
  2 vampires (D:12)
  3 wyverns
  3 fire elementals
  2 hogs (D:12)
  56 redbacks
  A golden eye (Zig:7)
  4 basilisks
  11 vampire mosquitoes
  2 neqoxecs
  9 swamp worms
  3 wargs
  A spectral cane toad (Lair:3)
  A hell hound (Depths:4)
  17 water moccasins
  Duvessa (D:5)
  An acid dragon (D:13)
  5 ice beasts
  A glowing shapeshifter skeleton (Vaults:2)
  23 orc warriors
  4 black bears
  7 boggarts
  12 ogres
  12 centaurs
  A phantom (D:5)
  A kobold brigand (D:10)
  8 wolves
  8 bullfrogs
  2 small abominations
  4 earth elementals (Elf:2)
  17 scorpions
  Dowan (D:5)
  10 wights
  5 killer bees (D:10)
  An electric eel (D:14)
  A quasit (Depths:4)
  A human zombie (Ossuary)
  10 jellies
  9 centaur zombies (Ossuary)
  4 hounds
  18 orc priests
  2 sleepcaps (D:5)
  5 scorpion zombies (Ossuary)
  3 iguanas
  33 orc wizards
  3 mummies (Ossuary)
  Robin (D:4)
  9 gnolls
  6 adders
  3 white imps
  3 worms
  5 dart slugs
  77 orcs
  4 bats
  12 endoplasms
  3 giant cockroaches
  15 goblins
  14 hobgoblins
  6 jackals (D:1)
  5 quokkas
  6 ball pythons
  8 frilled lizards
  3 gnoll zombies (Ossuary)
  2 goblin zombies (Ossuary)
  A hobgoblin zombie (Ossuary)
  10 kobolds
  2 kobold zombies (Ossuary)
  An orc zombie (Ossuary)
  4 rats
1777 creatures vanquished.

Vanquished Creatures (collateral kills)
  A curse toe (Zot:5)
  Nikola (Vaults:1)
  An electric golem (Zot:5)
  Jorgrun (D:12)
  5 Orb Guardians (Zot:5)
  A quicksilver dragon (Zot:5)
  A sphinx (Vaults:5)
  Frances (Elf:1)
  A tengu reaver (Vaults:5)
  A draconian knight (Zot:5)
  3 draconian monks (Zot:5)
  A vault warden (Vaults:5)
  A draconian scorcher (Zot:5)
  A war gargoyle (Vaults:5)
  A draconian annihilator (Zot:5)
  A deep elf demonologist (Elf:1)
  A green draconian (Zot:5)
  A red draconian (Zot:5)
  An eleionoma (Swamp:3)
  A black draconian (Zot:5)
  2 yaktaur captains
  4 vault guards (Vaults:5)
  2 ironbound frosthearts
  A two-headed ogre (D:9)
  A spriggan berserker (Depths:1)
  A deep elf knight (Elf:3)
  3 deep trolls (Vaults:3)
  A harpy (Vaults:3)
  A deep elf archer (Elf:3)
  A necromancer (Vaults:3)
  2 deep elf zephyrmancers
  2 moths of wrath
  2 vault sentinels
  A yaktaur zombie (Vaults:3)
  A human zombie (Vaults:3)
  2 yaktaurs (Vaults:3)
  A queen bee (shapeshifter) (Elf:1)
  A shadow (D:9)
  A glowing shapeshifter zombie (Vaults:3)
  A vampire mosquito (D:12)
  A centaur (D:9)
  An orc (D:15)
59 creatures vanquished.

Vanquished Creatures (others)
  3 orbs of fire (Zot:5)
  An ancient lich (Vaults:5)
  A Killer Klown (Zot:5)
  A golden dragon (Zot:5)
  A curse toe (Zot:5)
  3 tentacled monstrosities (Zot:5)
  12 Orb Guardians (Zot:5)
  A quicksilver dragon (Zot:5)
  A death cob (Zot:5)
  2 tengu reavers (Vaults:5)
  A draconian monk (Zot:5)
  A storm dragon (Vaults:5)
  A draconian knight (Zot:3)
  2 deep elf sorcerers (Elf:3)
  2 draconian scorchers (Zot:5)
  An iron dragon (Vaults:5)
  2 vault wardens (Vaults:5)
  2 deep elf elementalists (Elf:3)
  2 frost giants (Vaults:5)
  A draconian shifter (Zot:5)
  An ironbound preserver (Vaults:5)
  2 draconian annihilators (Zot:5)
  2 war gargoyles (Vaults:5)
  3 stone giants (Vaults:5)
  2 black draconians (Zot:5)
  A deep elf demonologist (Elf:3)
  A green draconian (Zot:5)
  A deep elf annihilator (Elf:3)
  A purple draconian (Zot:5)
  2 white draconians (Zot:5)
  A deep elf death mage (Elf:3)
  Josephine (D:10)
  An ettin (Vaults:5)
  3 yaktaur captains (Vaults:5)
  17 vault guards (Vaults:5)
  A two-headed ogre (D:12)
  A dancing weapon (Elf:3)
  A flayed ghost (Vaults:5)
  2 deep elf archers (Elf:3)
  An orc knight (Vaults:5)
  3 deep elf zephyrmancers (Elf:3)
  3 moths of wrath (Zot:5)
  2 vault sentinels (Vaults:5)
  A wraith (D:10)
  A warg (Vaults:5)
  A swamp worm (Swamp:4)
  3 orc warriors (Vaults:5)
  A wight (D:6)
  An orc priest (Vaults:5)
  An orc wizard (Orc:2)
  An orc (D:6)
  2 foxfires (Swamp:4)
106 creatures vanquished.

Grand Total: 1942 creatures vanquished

Notes
Turn   | Place    | Note
-------+----------+-------------------------------------------
     0 | D:1      | Kearsarge the Gnoll Hexslinger began the quest for the Orb.
     0 | D:1      | Reached XP level 1. HP: 17/17 MP: 4/4
    74 | D:1      | Reached XP level 2. HP: 23/23 MP: 5/5
   472 | D:1      | Reached XP level 3. HP: 7/28 MP: 7/7
   580 | D:1      | Learned a level 2 spell: Jinxbite
   629 | D:1      | Reached skill level 1 in Invocations
   847 | D:1      | Reached skill level 1 in Short Blades
   847 | D:1      | Reached skill level 1 in Long Blades
   847 | D:1      | Reached skill level 1 in Axes
   847 | D:1      | Reached skill level 1 in Maces & Flails
   847 | D:1      | Reached skill level 1 in Polearms
   847 | D:1      | Reached skill level 1 in Staves
   847 | D:1      | Reached skill level 1 in Throwing
   847 | D:1      | Reached skill level 1 in Armour
   847 | D:1      | Reached skill level 1 in Stealth
   847 | D:1      | Reached skill level 1 in Shields
   847 | D:1      | Reached skill level 1 in Unarmed Combat
   847 | D:1      | Reached skill level 1 in Evocations
  1040 | D:1      | Reached XP level 4. HP: 34/34 MP: 8/8
  1219 | D:2      | Reached skill level 1 in Shapeshifting
  1541 | D:2      | Found an opulent altar of Gozag.
  1576 | D:2      | Became a worshipper of Gozag Ym Sagoz the Greedy
  1970 | D:3      | Learned a level 3 spell: Sigil of Binding
  2018 | D:3      | Found Vaziupiz's Antique Weapon Shoppe.
  2088 | D:3      | Learned a level 3 spell: Inner Flame
  2091 | D:3      | Reached skill level 1 in Conjurations
  2091 | D:3      | Reached skill level 1 in Summonings
  2091 | D:3      | Reached skill level 1 in Necromancy
  2091 | D:3      | Reached skill level 1 in Translocations
  2091 | D:3      | Reached skill level 1 in Transmutations
  2091 | D:3      | Reached skill level 1 in Ice Magic
  2091 | D:3      | Reached skill level 1 in Air Magic
  2091 | D:3      | Reached skill level 1 in Earth Magic
  2091 | D:3      | Reached skill level 1 in Poison Magic
  2347 | D:3      | Reached XP level 5. HP: 40/40 MP: 6/9
  2579 | D:3      | Bought a glowing arbalest for 225 gold pieces
  2645 | D:3      | Reached skill level 3 in Fighting
  2815 | D:3      | Reached XP level 6. HP: 47/47 MP: 6/11
  3364 | D:4      | Reached skill level 5 in Ranged Weapons
  3364 | D:4      | Reached skill level 5 in Dodging
  3374 | D:4      | Noticed Grinder
  3377 | D:4      | Killed Grinder
  3378 | D:4      | Reached XP level 7. HP: 50/52 MP: 8/12
  3387 | D:4      | Found a sand-covered staircase.
  3395 | Ossuary  | Entered an ossuary
  3683 | Ossuary  | Reached skill level 4 in Fighting
  3683 | Ossuary  | Reached XP level 8. HP: 39/60 MP: 14/14
  4223 | Ossuary  | Reached XP level 9. HP: 38/66 MP: 14/16
  4487 | D:4      | Reached skill level 5 in Spellcasting
  4526 | D:4      | Learned a level 4 spell: Cause Fear
  4656 | D:4      | Noticed Robin
  4694 | D:4      | Killed Robin
  4850 | D:5      | Entered Level 5 of the Dungeon
  4854 | D:5      | Noticed Dowan
  4856 | D:5      | Noticed Duvessa
  4860 | D:5      | Killed Dowan
  4861 | D:5      | Killed Duvessa
  4862 | D:5      | Reached skill level 5 in Fighting
  5822 | D:5      | Reached skill level 5 in Invocations
  6447 | D:6      | Reached XP level 10. HP: 52/74 MP: 8/18
  6456 | D:6      | Reached skill level 5 in Short Blades
  6456 | D:6      | Reached skill level 5 in Long Blades
  6456 | D:6      | Reached skill level 5 in Axes
  6456 | D:6      | Reached skill level 5 in Maces & Flails
  6456 | D:6      | Reached skill level 5 in Polearms
  6456 | D:6      | Reached skill level 5 in Staves
  6456 | D:6      | Reached skill level 5 in Throwing
  6456 | D:6      | Reached skill level 5 in Armour
  6456 | D:6      | Reached skill level 5 in Stealth
  6456 | D:6      | Reached skill level 5 in Shields
  6456 | D:6      | Reached skill level 5 in Unarmed Combat
  6456 | D:6      | Reached skill level 5 in Evocations
  7000 | D:6      | Found an ornate altar of the Wu Jian Council.
  7229 | D:6      | Learned a level 4 spell: Dimensional Bullseye
  7575 | D:7      | Noticed Joseph
  7585 | D:7      | Killed Joseph
  7701 | D:7      | Found a staircase to the Ecumenical Temple.
  7915 | D:7      | Identified the +1 short sword of the Solstice {freeze,
                  | Contam Str+2 Int+2}
  7954 | D:7      | Found a glowing golden altar of the Shining One.
  8101 | D:7      | Found a snail-covered altar of Cheibriados.
  8150 | D:7      | Reached skill level 6 in Fighting
  8150 | D:7      | Reached skill level 5 in Fire Magic
  8649 | D:8      | Reached skill level 5 in Shapeshifting
  8900 | D:8      | Learned a level 4 spell: Olgreb's Toxic Radiance
  9381 | D:8      | Found an iron altar of Okawaru.
  9549 | D:9      | Found Gotuenga's Antique Armour Shoppe.
  9596 | D:9      | Found a staircase to the Orcish Mines.
  9626 | D:9      | Noticed a manticore
  9628 | D:9      | Noticed a two-headed ogre
  9632 | D:9      | Killed a two-headed ogre
  9712 | D:9      | Killed a manticore
  9821 | D:9      | Reached XP level 11. HP: 83/83 MP: 15/20
  9826 | D:9      | Reached skill level 5 in Conjurations
  9826 | D:9      | Reached skill level 5 in Summonings
  9826 | D:9      | Reached skill level 5 in Necromancy
  9826 | D:9      | Reached skill level 5 in Translocations
  9826 | D:9      | Reached skill level 5 in Transmutations
  9826 | D:9      | Reached skill level 5 in Ice Magic
  9826 | D:9      | Reached skill level 5 in Air Magic
  9826 | D:9      | Reached skill level 5 in Earth Magic
  9826 | D:9      | Reached skill level 5 in Poison Magic
 10472 | D:7      | Bought the amulet "Efanogg" {Reflect rC+ rN+ Str+2 SH+5}
                  | for 890 gold pieces
 10556 | D:10     | Entered Level 10 of the Dungeon
 10597 | D:10     | Noticed Josephine
 10626 | D:10     | Noticed a two-headed ogre
 10634 | D:10     | Your ally Josephine died
 10812 | D:10     | Reached skill level 7 in Fighting
 11004 | D:10     | Killed a two-headed ogre
 11185 | D:10     | Found a shimmering blue altar of Sif Muna.
 11386 | D:10     | Found a viscous altar of Jiyva.
 11581 | D:10     | Noticed Sonja
 11590 | D:10     | Killed Sonja
 11655 | D:10     | Found a hazy altar of Hepliaklqana.
 11656 | D:10     | Found a shadowy altar of Dithmenos.
 11977 | Orc:1    | Entered Level 1 of the Orcish Mines
 11977 | Orc:1    | Noticed a cyclops
 11986 | Orc:1    | Killed a cyclops
 12204 | Orc:1    | Reached XP level 12. HP: 90/91 MP: 23/23
 12496 | Orc:2    | Entered Level 2 of the Orcish Mines
 12497 | Orc:2    | Noticed an orc warlord
 12521 | Orc:2    | Killed an orc warlord
 12851 | Orc:2    | Found a staircase to the Elven Halls.
 13287 | Orc:2    | Noticed an ogre mage
 13295 | Orc:2    | Noticed a soul eater
 13300 | Orc:2    | Killed an ogre mage
 13440 | Orc:2    | Reached skill level 8 in Fighting
 13485 | Orc:2    | Found Tounu's Jewellery Shoppe.
 13529 | Orc:2    | Found a radiant altar of Vehumet.
 13530 | Orc:2    | Noticed Erolcha
 13542 | Orc:2    | Killed Erolcha
 13726 | Orc:2    | Found Akiublit's Distillery.
 13843 | Orc:2    | Bought a potion of magic for 136 gold pieces
 13843 | Orc:2    | Bought a potion of lignification for 51 gold pieces
 13843 | Orc:2    | Bought a potion of haste for 170 gold pieces
 13843 | Orc:2    | Bought a potion of enlightenment for 85 gold pieces
 13846 | Orc:2    | Found an ancient bone altar of Kikubaaqudgha.
 14052 | Orc:2    | Found Tonyrynu's Antique Weapon Emporium.
 14167 | Orc:2    | Found Koedo's Antique Weapon Shoppe.
 14744 | D:11     | Reached XP level 13. HP: 54/99 MP: 21/25
 15682 | D:11     | Found a staircase to the Lair.
 15737 | Lair:1   | Entered Level 1 of the Lair of Beasts
 15990 | Lair:1   | Identified a scroll of acquirement
 15990 | Lair:1   | Acquired 477 gold pieces
 15994 | Lair:1   | Bought a pair of crude gloves for 294 gold pieces
 15994 | Lair:1   | Identified the +1 pair of gloves of Conscience {Harm rElec
                  | Slay+6} (You bought it in a shop on level 1 of the Lair of
                  | Beasts)
 16005 | Lair:1   | Bought a dazzling robe for 176 gold pieces
 16005 | Lair:1   | Identified the +1 robe of the Barnacle {+Blink rPois rF-
                  | Str+7} (You bought it in a shop on level 1 of the Lair of
                  | Beasts)
 17077 | Lair:2   | Reached skill level 9 in Fighting
 17753 | Orc:2    | Bought a glowing shortbow for 210 gold pieces
 18008 | Lair:3   | Found the +8 longbow "Zephyr" {speed, Dex+3 SInv}
 18019 | Lair:3   | Found a hole to the Spider Nest.
 18113 | Lair:3   | Reached skill level 10 in Ranged Weapons
 18113 | Lair:3   | Reached skill level 10 in Dodging
 18355 | Lair:3   | Identified the +2 flail "Nut Hywe" {heavy, rPois Dex+3}
 18664 | Lair:3   | Found a staircase to the Swamp.
 18887 | Lair:4   | Reached XP level 14. HP: 108/108 MP: 22/27
 19369 | Lair:4   | Reached skill level 10 in Invocations
 19508 | Lair:4   | Found a viscous altar of Jiyva.
 19509 | Lair:4   | Found a staircase to the Slime Pits.
 19617 | Lair:5   | Entered Level 5 of the Lair of Beasts
 19670 | Lair:5   | Noticed Nessos
 19677 | Lair:5   | Killed Nessos
 19930 | Lair:5   | Reached skill level 10 in Fighting
 20223 | Lair:5   | Reached skill level 10 in Spellcasting
 20983 | Lair:5   | Acquired 452 gold pieces
 20986 | Lair:5   | Bought the ring "Qovacas" {Drain rElec rPois Will+ Str+6}
                  | for 753 gold pieces
 21157 | Lair:5   | Reached skill level 10 in Hexes
 21165 | Lair:5   | Reached XP level 15. HP: 117/117 MP: 26/29
 21265 | Lair:5   | Reached skill level 11 in Fighting
 21473 | D:12     | Noticed Kirke
 21475 | D:12     | Noticed a sphinx
 21486 | D:12     | Killed Kirke
 21576 | D:12     | Reached skill level 10 in Short Blades
 21576 | D:12     | Reached skill level 10 in Long Blades
 21576 | D:12     | Reached skill level 10 in Axes
 21576 | D:12     | Reached skill level 10 in Maces & Flails
 21576 | D:12     | Reached skill level 10 in Polearms
 21576 | D:12     | Reached skill level 10 in Staves
 21576 | D:12     | Reached skill level 10 in Throwing
 21576 | D:12     | Reached skill level 10 in Armour
 21576 | D:12     | Reached skill level 10 in Stealth
 21576 | D:12     | Reached skill level 10 in Shields
 21576 | D:12     | Reached skill level 10 in Unarmed Combat
 21576 | D:12     | Reached skill level 10 in Evocations
 21593 | D:12     | Noticed Jorgrun
 21619 | D:12     | Killed Jorgrun
 21754 | D:12     | Identified the +4 hand axe of Osmalul {protect, rC+ Int+5}
 21767 | D:12     | Found a gate leading to a gauntlet.
 21788 | Gauntlet | Entered a Gauntlet
 21788 | Gauntlet | Found a transporter.
 21788 | Gauntlet | Found a transporter.
 21789 | Gauntlet | Found a transporter.
 21792 | Gauntlet | Found a transporter.
 21794 | Gauntlet | Found a transporter.
 21804 | Gauntlet | Found a transporter.
 21806 | Gauntlet | Found a transporter.
 21808 | Gauntlet | Found a large runed translucent door.
 21809 | Gauntlet | Found a large runed translucent door.
 21810 | Gauntlet | Found a large runed translucent door.
 21810 | Gauntlet | Found a large runed translucent door.
 21810 | Gauntlet | Found a runed translucent door.
 21811 | Gauntlet | Found a large runed translucent door.
 21812 | Gauntlet | Found a large runed translucent door.
 21813 | Gauntlet | Found a large runed translucent door.
 21813 | Gauntlet | Found a large runed translucent door.
 21814 | Gauntlet | Found a runed translucent gate.
 21821 | Gauntlet | Found a transporter.
 21822 | Gauntlet | Found a runed translucent gate.
 21822 | Gauntlet | Found a transporter.
 21823 | Gauntlet | Found a runed translucent gate.
 21823 | Gauntlet | Found a runed translucent door.
 21825 | Gauntlet | Found a large runed translucent door.
 21825 | Gauntlet | Found a large runed translucent door.
 21826 | Gauntlet | Found a large runed translucent door.
 21827 | Gauntlet | Found a large runed translucent door.
 21836 | Gauntlet | Found a large runed translucent door.
 21836 | Gauntlet | Found a large runed translucent door.
 21837 | Gauntlet | Found a large runed translucent door.
 21838 | Gauntlet | Found a large runed translucent door.
 21840 | Gauntlet | Found a transporter.
 21844 | Gauntlet | Found a transporter.
 21854 | Gauntlet | Found a transporter.
 21930 | Gauntlet | Identified the -2 hat "Joopsee" {rC+ rN+ Dex+3 Stlth-}
 22237 | Gauntlet | Identified the ring of Puleluro {Int+4 Dex+6 Stlth-}
 22327 | Gauntlet | Got the Book of Glacial Blasts
 22645 | D:12     | Found Xuakliant's Weapon Emporium.
 22651 | D:12     | Bought a throwing net for 42 gold pieces
 23300 | D:13     | Found an iron altar of Okawaru.
 23776 | Swamp:1  | Entered Level 1 of the Swamp
 24379 | Swamp:2  | Noticed a thorn hunter
 24389 | Swamp:2  | Killed a thorn hunter
 24390 | Swamp:2  | Reached skill level 12 in Fighting
 24633 | Swamp:2  | Noticed a thorn hunter
 24640 | Swamp:2  | Killed a thorn hunter
 25298 | Swamp:3  | Found a runed translucent gate.
 25300 | Swamp:3  | Found a runed translucent gate.
 25300 | Swamp:3  | Noticed Kiptoyr's ghost (adept MiFi)
 25301 | Swamp:3  | Found a runed translucent gate.
 25304 | Swamp:3  | Noticed a fenstrider witch
 25450 | Swamp:3  | Reached XP level 16. HP: 46/129 MP: 31/31
 26115 | Swamp:4  | Entered Level 4 of the Swamp
 26270 | Swamp:3  | Reached skill level 10 in Shapeshifting
 26843 | Swamp:4  | Reached skill level 13 in Fighting
 27346 | Swamp:4  | Noticed a tentacled monstrosity
 27589 | Swamp:4  | Killed a tentacled monstrosity
 27648 | Swamp:4  | Got a decaying rune of Zot
 27895 | Spider:1 | Entered Level 1 of the Spider Nest
 28535 | Spider:1 | Reached skill level 10 in Fire Magic
 28640 | Spider:1 | Reached XP level 17. HP: 138/138 MP: 32/32
 29582 | Spider:2 | Reached skill level 14 in Fighting
 29937 | Spider:2 | Reached skill level 10 in Conjurations
 29937 | Spider:2 | Reached skill level 10 in Summonings
 29937 | Spider:2 | Reached skill level 10 in Necromancy
 29937 | Spider:2 | Reached skill level 10 in Translocations
 29937 | Spider:2 | Reached skill level 10 in Transmutations
 29937 | Spider:2 | Reached skill level 10 in Ice Magic
 29937 | Spider:2 | Reached skill level 10 in Air Magic
 29937 | Spider:2 | Reached skill level 10 in Earth Magic
 29937 | Spider:2 | Reached skill level 10 in Poison Magic
 30792 | Spider:3 | Identified the +2 chain mail of Free Will {rPois}
 31212 | Spider:3 | Learned a level 4 spell: Summon Lightning Spire
 31232 | Spider:4 | Entered Level 4 of the Spider Nest
 31705 | Spider:4 | Noticed Arachne
 31721 | Spider:4 | Killed Arachne
 32006 | Spider:4 | Reached XP level 18. HP: 147/148 MP: 29/34
 32328 | Spider:4 | Reached skill level 15 in Fighting
 32931 | Spider:4 | Got a gossamer rune of Zot
 33291 | Elf:1    | Entered Level 1 of the Elven Halls
 33381 | Elf:1    | Noticed Frances
 33392 | Elf:1    | Killed Frances
 33699 | Elf:1    | Found Vyol Mog's Armour Boutique.
 33921 | Elf:1    | Found a large runed translucent door.
 33921 | Elf:1    | Found a large runed translucent door.
 33924 | Elf:1    | Noticed Atuqedy's ghost (adept DsEE)
 33987 | Elf:1    | Killed Atuqedy's ghost
 33998 | Elf:1    | Identified the +5 ring mail "Gecluphe" {+Blink Dex+3}
 34723 | Elf:2    | Paralysed by an air elemental for 1 turns
 34744 | Elf:2    | Paralysed by an air elemental for 1 turns
 34913 | Elf:2    | Found a huge runed translucent gate.
 34913 | Elf:2    | Found a huge runed translucent gate.
 34913 | Elf:2    | Found a huge runed translucent gate.
 34913 | Elf:2    | Found a huge runed translucent gate.
 34913 | Elf:2    | Found a huge runed translucent gate.
 35127 | Elf:3    | Entered Level 3 of the Elven Halls
 35264 | Elf:3    | Noticed Zenata
 35876 | Elf:3    | Noticed a deep elf blademaster
 35928 | Elf:3    | Noticed a deep elf master archer
 35934 | Elf:3    | Killed a deep elf master archer
 36007 | Elf:3    | Noticed a deep elf master archer
 36057 | Elf:3    | Identified the +2 buckler of Levity {Int+2 Dex+2}
 36114 | Elf:3    | Reached skill level 16 in Fighting
 36237 | Elf:3    | Noticed a deep elf blademaster
 36247 | Elf:3    | Reached XP level 19. HP: 136/157 MP: 36/36
 36305 | Elf:3    | Identified the +9 glaive of the Augurer {heavy, *Rage
                  | +Blink rC+ Str+5}
 36316 | Elf:3    | Identified the +9 orcbow of Hunew {heavy, Str+9}
 36322 | Elf:3    | Identified the +6 dagger of the Onslaught {heavy, Fly rC+
                  | Dex-2}
 36323 | Elf:3    | Identified the +11 hand axe of Rofyepem {flame, *Rage rC-
                  | Dex+4 SInv}
 36368 | Elf:3    | Found the +13 scythe of Curses {drain, curses, Drain}
 36382 | Elf:3    | Identified the amulet "Qaijac" {RegenMP rN+ rCorr Dex-5
                  | SInv}
 36386 | Elf:3    | Identified the staff "Xiacwidd" {rPois rN+ Earth}
 37813 | D:14     | Found a gate to the Vaults.
 38124 | D:15     | Entered Level 15 of the Dungeon
 38142 | D:15     | Found a staircase to the Depths.
 38601 | D:15     | Identified the +3 whip of Ciesix {elec, Dex+3}
 39046 | Vaults:1 | Entered Level 1 of the Vaults
 39663 | Vaults:1 | Found Koserrun's Antique Weapon Shoppe.
 39961 | Vaults:1 | Found Zoid's Jewellery Shop.
 39974 | Vaults:1 | Found Latis's Weapon Emporium.
 39990 | Vaults:1 | Paralysed by a formless jellyfish for 1 turns
 40195 | Vaults:1 | Noticed Nikola
 40211 | Vaults:1 | Killed Nikola
 40266 | Vaults:1 | Reached skill level 17 in Fighting
 40835 | Vaults:2 | Reached XP level 20. HP: 168/168 MP: 37/37
 40849 | Vaults:2 | Noticed Saint Roka
 40858 | Vaults:2 | Killed Saint Roka
 40952 | Vaults:2 | Noticed Jory
 40974 | Vaults:2 | Killed Jory
 40979 | Vaults:2 | Reached skill level 15 in Invocations
 41931 | Vaults:2 | Reached skill level 15 in Armour
 42744 | Vaults:2 | Learned a level 6 spell: Death Channel
 43282 | Vaults:3 | Found a staircase to the Crypt.
 43324 | Vaults:3 | Found Caag's Book Shoppe.
 43338 | Vaults:3 | Paralysed by a formless jellyfish for 1 turns
 43772 | Vaults:3 | Reached skill level 18 in Fighting
 44075 | Vaults:3 | Reached skill level 15 in Ranged Weapons
 44075 | Vaults:3 | Reached skill level 15 in Dodging
 44108 | Vaults:3 | Reached XP level 21. HP: 148/177 MP: 39/39
 45039 | Vaults:4 | Found Kedatost's Antique Armour Boutique.
 45047 | Vaults:4 | Bought a steaming chain mail for 304 gold pieces
 45047 | Vaults:4 | Identified the +9 chain mail "Damnable Contraption" {Will-
                  | MP+9 Str+9 SInv} (You bought it in a shop on level 4 of the
                  | Vaults)
 45188 | Vaults:4 | Identified the +8 war axe of Mutilation {freeze, +Blink rN+
                  | rCorr Str+4}
 45284 | Vaults:4 | Found a magical portal.
 45293 | WizLab   | Entered Iskenderun's Mystic Tower
 46319 | WizLab   | Got Iskenderun's Grimoire of Damage
 46319 | WizLab   | Got Iskenderun's Incunabulum of Assaults
 46946 | Vaults:4 | Reached skill level 15 in Spellcasting
 47396 | Vaults:5 | Entered Level 5 of the Vaults
 47396 | Vaults:5 | Found the brooch of Shielding {Spirit SH+8}
 47397 | Vaults:5 | Noticed an ancient lich
 47423 | Vaults:5 | Killed an ancient lich
 47544 | Vaults:5 | Noticed a dread lich
 47549 | Vaults:5 | Reached skill level 19 in Fighting
 47552 | Vaults:5 | Reached skill level 15 in Short Blades
 47552 | Vaults:5 | Reached skill level 15 in Long Blades
 47552 | Vaults:5 | Reached skill level 15 in Axes
 47552 | Vaults:5 | Reached skill level 15 in Maces & Flails
 47552 | Vaults:5 | Reached skill level 15 in Polearms
 47552 | Vaults:5 | Reached skill level 15 in Staves
 47552 | Vaults:5 | Reached skill level 15 in Throwing
 47552 | Vaults:5 | Reached skill level 15 in Stealth
 47552 | Vaults:5 | Reached skill level 15 in Shields
 47552 | Vaults:5 | Reached skill level 15 in Unarmed Combat
 47552 | Vaults:5 | Reached skill level 15 in Evocations
 47562 | Vaults:5 | Reached XP level 22. HP: 90/187 MP: 41/41
 47831 | Vaults:5 | Identified the +5 morningstar "Ciafon" {venom, Dex+6}
 47922 | Vaults:5 | Killed a dread lich
 48221 | Vaults:5 | Got a silver rune of Zot
 48252 | Vaults:5 | Identified the ring "Latzir" {AC+4 Str+6 SInv}
 49168 | Depths:1 | Entered Level 1 of the Depths
 49307 | Depths:1 | Found a gateway to Hell.
 49349 | Depths:1 | Found a sacrificial altar of Ru.
 49986 | Depths:1 | Identified the +7 broad axe of Ru's Vengeance {protect,
                  | Int+3}
 50253 | Depths:1 | Found a stormy altar of Qazlal.
 50339 | Depths:1 | Found a runed translucent door.
 50339 | Depths:1 | Found the +5 glaive of the Guard {elec, spectral}
 50339 | Depths:1 | Noticed Tiaserch's ghost (veteran HOFi)
 50803 | Depths:2 | Found a one-way gate leading to the halls of Pandemonium.
 51329 | Depths:2 | Noticed an ancient lich
 51330 | Depths:2 | Noticed an ancient lich
 51335 | Depths:2 | Reached skill level 20 in Fighting
 51704 | Depths:2 | Reached XP level 23. HP: 196/196 MP: 42/42
 51778 | Depths:2 | Killed an ancient lich
 51798 | Depths:2 | Identified the +5 fire dragon scales of Tofo {Harm rF++ rC-
                  | Str+5 Int-3 Slay+4}
 51987 | Depths:2 | Killed an ancient lich
 52106 | Depths:2 | Found a faded altar of an unknown god.
 52311 | Depths:3 | Found a runed translucent door.
 52412 | Depths:3 | Noticed a juggernaut
 52422 | Depths:3 | Killed a juggernaut
 52525 | Depths:3 | Noticed an ancient lich
 52541 | Depths:3 | Found a one-way gateway to a ziggurat.
 52554 | Depths:3 | Killed an ancient lich
 52571 | Depths:3 | Noticed a caustic shrike
 52808 | Depths:3 | Noticed a golden dragon
 52816 | Depths:3 | Killed a golden dragon
 53072 | Depths:3 | Noticed a golden dragon
 53081 | Depths:3 | Killed a golden dragon
 53431 | Depths:3 | Noticed a golden dragon
 53439 | Depths:3 | Killed a golden dragon
 53560 | Depths:3 | Noticed Louise
 53566 | Depths:3 | Killed Louise
 53604 | Depths:3 | Found a one-way gate to the infinite horrors of the Abyss.
 53714 | Zig:1    | Entered Level 1 of a ziggurat
 54023 | Zig:2    | Entered Level 2 of a ziggurat
 54289 | Zig:3    | Entered Level 3 of a ziggurat
 54351 | Zig:4    | Entered Level 4 of a ziggurat
 54394 | Zig:5    | Entered Level 5 of a ziggurat
 54411 | Zig:5    | Reached skill level 15 in Shapeshifting
 54411 | Zig:5    | Gained mutation: You are vulnerable to cold. (rC-) [a
                  | shining eye]
 54435 | Zig:5    | Identified the +8 battleaxe "Vinwagie" {flame, Drain rPois
                  | Will+++ rCorr}
 54443 | Zig:5    | Lost mutation: You are vulnerable to cold. (rC-) [potion of
                  | mutation]
 54443 | Zig:5    | Gained mutation: You are partially covered in iridescent
                  | scales. (AC +2) [potion of mutation]
 54443 | Zig:5    | Gained mutation: You are dopey. (Int -2) [potion of
                  | mutation]
 54443 | Zig:5    | Gained mutation: You are vulnerable to cold. (rC-) [potion
                  | of mutation]
 54443 | Zig:5    | Gained mutation: You are mostly covered in iridescent
                  | scales. (AC +4) [potion of mutation]
 54444 | Zig:5    | Lost mutation: You are mostly covered in iridescent scales.
                  | (AC +4) [potion of mutation]
 54444 | Zig:5    | Lost mutation: You are partially covered in iridescent
                  | scales. (AC +2) [potion of mutation]
 54444 | Zig:5    | Gained mutation: You are occasionally teleported next to
                  | monsters. [potion of mutation]
 54444 | Zig:5    | Gained mutation: Your body sometimes deteriorates upon
                  | taking damage. [potion of mutation]
 54444 | Zig:5    | Gained mutation: You are robust. (+10% HP) [potion of
                  | mutation]
 54445 | Zig:5    | Lost mutation: You are dopey. (Int -2) [potion of mutation]
 54445 | Zig:5    | Lost mutation: Your body sometimes deteriorates upon taking
                  | damage. [potion of mutation]
 54445 | Zig:5    | Gained mutation: Your magical capacity is low. (-10% MP)
                  | [potion of mutation]
 54446 | Zig:5    | Lost mutation: Your magical capacity is low. (-10% MP)
                  | [potion of mutation]
 54446 | Zig:5    | Lost mutation: You are occasionally teleported next to
                  | monsters. [potion of mutation]
 54446 | Zig:5    | Gained mutation: You are very vulnerable to cold. (rC--)
                  | [potion of mutation]
 54447 | Zig:5    | Lost mutation: You are very vulnerable to cold. (rC--)
                  | [potion of mutation]
 54447 | Zig:5    | Lost mutation: You are robust. (+10% HP) [potion of
                  | mutation]
 54447 | Zig:5    | Lost mutation: You are vulnerable to cold. (rC-) [potion of
                  | mutation]
 54447 | Zig:5    | Gained mutation: You have a pair of small horns on your
                  | head. [potion of mutation]
 54447 | Zig:5    | Gained mutation: You have a pair of horns on your head.
                  | [potion of mutation]
 54447 | Zig:5    | Gained mutation: Your muscles are strong. (Str +4, Int/Dex
                  | -1) [potion of mutation]
 54451 | Zig:6    | Entered Level 6 of a ziggurat
 54609 | Zig:6    | Identified the +6 ring mail "Isixke Kunt" {+Blink rCorr
                  | Int+2 Dex+2}
 54615 | Zig:6    | Identified the +1 helmet of Summertime {MP-9 Dex+5}
 54624 | Zig:7    | Entered Level 7 of a ziggurat
 54728 | Zig:7    | Found the +7 captain's cutlass {speed, disarm}
 54752 | Zig:7    | Identified the staff of Greed {rPois Tmut Poison}
 54756 | Zig:7    | Reached skill level 21 in Fighting
 54756 | Zig:7    | Reached XP level 24. HP: 208/208 MP: 43/43
 54839 | Depths:3 | Killed a caustic shrike
 54867 | Depths:4 | Entered Level 4 of the Depths
 54872 | Depths:4 | Reached XP level 25. HP: 214/214 MP: 43/43
 54877 | Depths:4 | Noticed a juggernaut
 54981 | Depths:4 | Reached skill level 15 in Hexes
 55193 | Depths:4 | Found Bautzu's General Store.
 55197 | Depths:4 | Found Duoroer's Jewellery Shop.
 55364 | Depths:4 | Found a gate to the Realm of Zot.
 55685 | Depths:4 | Killed a juggernaut
 55877 | Depths:4 | Noticed a juggernaut
 55885 | Depths:4 | Killed a juggernaut
 56071 | Zot:1    | Entered Level 1 of the Realm of Zot
 56075 | Zot:1    | Noticed an orb of fire
 56108 | Zot:1    | Killed an orb of fire
 56650 | Zot:3    | Noticed Grunn
 56656 | Zot:3    | Killed Grunn
 56960 | Zot:3    | Reached skill level 22 in Fighting
 57062 | Zot:5    | Entered Level 5 of the Realm of Zot
 57237 | Zot:5    | Reached XP level 26. HP: 115/224 MP: 44/44
 57622 | Zot:5    | Noticed an orb of fire
 57641 | Zot:5    | Noticed an orb of fire
 57643 | Zot:5    | Noticed an orb of fire
 57681 | Zot:5    | Noticed a Killer Klown
 57694 | Zot:5    | Noticed an orb of fire
 57699 | Zot:5    | Killed a Killer Klown
 57708 | Zot:5    | Noticed an orb of fire
 57746 | Zot:5    | Found the +3 crown of Dyrovepreva {rElec Int+2 SInv}
 57780 | Zot:5    | Noticed an orb of fire
 57791 | Zot:5    | Gained mutation: You are vulnerable to cold. (rC-) [an orb
                  | of fire]
 57798 | Zot:5    | Killed an orb of fire
 57815 | Zot:5    | Killed an orb of fire
 57828 | Zot:5    | Noticed an orb of fire
 57843 | Zot:5    | Killed an orb of fire
 57869 | Zot:5    | Got the Orb of Zot
 57919 | Zot:5    | Noticed a dread lich
 57964 | Zot:3    | Noticed Lexetz the pandemonium lord
 57989 | Zot:2    | Reached skill level 15 in Fire Magic
 58012 | Zot:2    | Noticed Ukumuf the pandemonium lord
 58018 | Zot:2    | Killed Ukumuf the pandemonium lord
 58076 | Depths:4 | Noticed a seraph
 58089 | Depths:4 | Killed a seraph
 58100 | Depths:4 | Noticed Bitzinoyrhu the pandemonium lord
 58115 | Depths:4 | Killed Bitzinoyrhu the pandemonium lord
 58240 | D:15     | Noticed Dem Feul the pandemonium lord
 58262 | D:14     | Killed Dem Feul the pandemonium lord
 58311 | D:11     | Reached skill level 15 in Conjurations
 58311 | D:11     | Reached skill level 15 in Summonings
 58311 | D:11     | Reached skill level 15 in Necromancy
 58311 | D:11     | Reached skill level 15 in Translocations
 58311 | D:11     | Reached skill level 15 in Transmutations
 58311 | D:11     | Reached skill level 15 in Ice Magic
 58311 | D:11     | Reached skill level 15 in Air Magic
 58311 | D:11     | Reached skill level 15 in Earth Magic
 58311 | D:11     | Reached skill level 15 in Poison Magic
 58584 | D:$      | Escaped with the Orb!

Illustrated notes

Levels and vault maps discovered:
D:1:      dpeg_arrival_subterranean_lakeside_camping, layout_loops_corners
D:2:      layout_loops_corners, basic_altar, columned_hall_lemuel
D:3:      layout_basic, serial_shops, shop, nrook_mini_vaults,
          minmay_goblin_kobold_house
D:4:      layout_rooms, nicolae_ossuary_entry_ruins, uniq_grinder, uniq_robin
D:5:      layout_loops_ring, nicolae_overflow_hidden_temple,
          minmay_misc_feat_nine_boxes, chequers_serial_rivers_small_b,
          uniq_duvessa
D:6:      layout_basic, old_standard_altar, minmay_joined_circles
D:7:      layout_layer_cave, marbit_many_paths, cheibrodos_worm_habitat,
          minmay_temple_entry_waves, nicolae_houndstooth_variations, uniq_joseph
D:8:      layout_basic, mainiacjoe_overflow_alcove_2
D:9:      layout_rooms, orc_0_dummy, serial_shops, nicolae_inconvenience_store
D:10:     layout_basic, riverfiend_overflow_shadow_ancestor,
          nicolae_overflow_crystal_walls, minmay_misc_feat_enclosed,
          jiyva_altar_1, uniq_sonja, uniq_josephine
D:11:     layout_irregular_city, hellmonk_lair_entry_icy
D:12:     layout_basic, gauntlet_entry_generic, serial_shops, shop,
          uniq_jorgrun, uniq_kirke
D:13:     layout_basic, okawaru_trees_1
D:14:     layout_basic, hellmonk_vaults_attempted_burglary, serial_rivers,
          chequers_serial_rivers_micro_b, chequers_serial_rivers_micro_d,
          chequers_serial_rivers_room_b, chequers_serial_rivers_micro_d,
          chequers_big_river
D:15:     grunt_enter_depths_giant_problem, layout_long_grid,
          minmay_misc_feat_room
Lair:1:   layout_cave_pods, serial_bayou_shore_a, lemuel_fruit_fields
Lair:2:   layout_roguey, grunt_megastairs_4
Lair:3:   layout_hall_layers, nicolae_swamp_entry_spooky,
          nicolae_spider_entry_lesser_pyramids, minivault_26
Lair:4:   layout_misc_corridors, nicolae_slime_entry_slimehenge,
          wad_woods_road_02, kilobyte_rumbling_trees, lemuel_fruit_fields
Lair:5:   evilmike_catoblepas_cave, layout_gridlike, uniq_nessos
Swamp:1:  layout_basic_swamp, infiniplex_staircase_pool_2, swamp_pool_4,
          nicolae_swamp_decorative_isthmus
Swamp:2:  layout_basic_swamp, nicolae_swamp_treefoil, swamp_pool_1_2
Swamp:3:  layout_falls_marsh, gammafunk_ghost_split, serial_swamp_ruin,
          evilmike_swamp_ruin_house_5, evilmike_swamp_ruin_house_1,
          swamp_pool_1_2, cheibrodos_swamp_pet_leeches
Swamp:4:  swamp_vile, layout_basic_swamp
Spider:1: layout_chambers, hangedman_spider_tarantella_strand
Spider:2: layout_cave_pods, nicolae_spider_jagged_tunnels
Spider:3: layout_spider_delve
Spider:4: johnstein_spider_rune_arachne_lair
Orc:1:    layout_caves
Orc:2:    kennysheep_orc_mage_school, layout_diamond_mine,
          nicolae_orc_stony_grotto
Elf:1:    eino_elf_arrival_customs, layout_geoelf_octagon, serial_shops, shop,
          ebering_ghost_disaster_area, minivault_28, uniq_frances
Elf:2:    elven_hall_of_blades_hangedman_alternative [grunt_blade_entry_basic],
          layout_geoelf_octagon, grunt_ministairs_1
Elf:3:    minmay_elf_hall, layout_geoelf_castle, uniq_zenata
Vaults:1: nicolae_vaults_mitosis, hangedman_vaults_restitches,
          nicolae_vaults_frosty_reception, v_alt_pattern_1,
          nicolae_vaults_security_offices_3, hangedman_vaults_nodes,
          vaults_room_corners, v_misc_1, vaults_room_octagon,
          ontoclasm_vaults_idyll, v_misc_14, nicolae_vaults_little_ls,
          layout_vaults_ring, serial_shops, shop_fountains, shop,
          nicolae_shop_competitors_out_of_business, uniq_nikola
Vaults:2: dpeg_vaults_waves, v_rooms_1, grunt_vaults_hallway_long,
          ontoclasm_vaults_claustrophobia, vaults_room_fours,
          ontoclasm_vaults_chip, vaults_mumra_chevron,
          nicolae_vaults_tetromino_L_2, v_rooms_2, vaults_room_pool,
          nicolae_vaults_surprise_closet, grunt_vaults_diagonal,
          hangedman_vaults_corner, layout_vaults_big_room, uniq_jory,
          uniq_saint_roka
Vaults:3: grunt_vaults_twisty, blue_anna_dwarven_crypt, hangedman_vaults_pinch,
          v_misc_24, nicolae_vaults_six-pack, nicolae_vaults_wine_cellar,
          serial_ice_b, nicolae_vaults_little_squares_3,
          nicolae_vaults_yaktaur_gun_rack, nicolae_vaults_storage_room_statues,
          layout_vaults_omnigrid, serial_shops, shop
Vaults:4: mu_enter_wizlab_3, v_misc_18, vaults_room_corners,
          nicolae_vaults_wrenched, nicolae_vaults_double_plus_3,
          nicolae_vaults_more_shelving_2, hangedman_vaults_unwind,
          nicolae_vaults_sightless_eye, layout_vaults_omnicross, serial_shops,
          shop
Vaults:5: serial_shops
Depths:1: layout_basic, hell_entry, nicolae_ru_sacrificial_ziggurat,
          gammafunk_ghost_grave, minmay_crystal_water,
          nicolae_qazlal_scattered_showers, grunt_megastairs_2
Depths:2: regret_index_infernal_bastille, layout_cave_shapes,
          serial_sigils_hangedman_shear, rand_demon_pan_entry_7, hell_entry,
          drop_trap, kennysheep_generic_room_5
Depths:3: minmay_four_inscribed_fans, layout_gridlike, enter_ziggurat_d,
          nicolae_abyss_entry_one_way_or_another, serial_shops, shop,
          hell_entry, glass_columns_a, minmay_crystal_box
Depths:4: grunt_crosshair, layout_basic, hell_entry, pan_entry,
          kennysheep_random_hallway, minmay_shoptagon
Zot:1:    grunt_deathspiral_small, layout_onion_interference,
          regret_index_zotdec_bone_old
Zot:2:    gammafunk_sealed_library, layout_gridlike
Zot:3:    layout_basic, uniq_grunn
Zot:4:    layout_misc_corridors, grunt_ministairs_7
Zot:5:    layout_basic

Skill      XL: |  1  2  3  4  5  6  7  8  9 10 11 12 13 14 15 16 17 18 19 20 21 22 23 24 25 26 |
---------------+-------------------------------------------------------------------------------+-----
Fire Magic     | 2 3 4 5 6 7 8 9 10 11 12 13 14 15 | 15.1
Invocations    | 1 2 3 4 5 6 7 8 9 10 11 12 13 14 15 16 17 18 19 | 19.0
Short Blades   | 1 2 3 4 5 6 8 9 10 11 12 13 14 15 16 17 | 17.6
Long Blades    | 1 2 3 4 5 6 8 9 10 11 12 13 14 15 16 17 | 17.6
Axes           | 1 2 3 4 5 6 8 9 10 11 12 13 14 15 16 17 | 17.6
Maces & Flails | 1 2 3 4 5 6 8 9 10 11 12 13 14 15 16 17 | 17.6
Polearms       | 1 2 3 4 5 6 8 9 10 11 12 13 14 15 16 17 | 17.6
Staves         | 1 2 3 4 5 6 8 9 10 11 12 13 14 15 16 17 | 17.6
Throwing       | 1 2 3 4 5 6 8 9 10 11 12 13 14 15 16 17 | 17.6
Armour         | 1 2 3 4 5 6 8 9 10 11 12 13 14 15 16 17 19 20 21 | 21.0
Stealth        | 1 2 3 4 5 6 8 9 10 11 12 13 14 15 16 17 | 17.6
Shields        | 1 2 3 4 5 6 8 9 10 11 12 13 14 15 16 17 | 17.6
Unarmed Combat | 1 2 3 4 5 6 8 9 10 11 12 13 14 15 16 17 | 17.6
Evocations     | 1 2 3 4 5 6 8 9 10 11 12 13 14 15 16 17 | 17.6
Shapeshifting  | 1 2 3 4 5 6 7 8 9 10 11 12 13 14 15 16 | 16.2
Spellcasting   | 3 4 5 6 7 8 9 10 11 12 13 14 15 16 17 | 17.8
Conjurations   | 1 2 3 4 5 6 7 8 9 10 11 12 13 14 15 | 15.0
Summonings     | 1 2 3 4 5 6 7 8 9 10 11 12 13 14 15 | 15.0
Necromancy     | 1 2 3 4 5 6 7 8 9 10 11 12 13 14 15 | 15.0
Translocations | 1 2 3 4 5 6 7 8 9 10 11 12 13 14 15 | 15.0
Transmutations | 1 2 3 4 5 6 7 8 9 10 11 12 13 14 15 | 15.0
Ice Magic      | 1 2 3 4 5 6 7 8 9 10 11 12 13 14 15 | 15.0
Air Magic      | 1 2 3 4 5 6 7 8 9 10 11 12 13 14 15 | 15.0
Earth Magic    | 1 2 3 4 5 6 7 8 9 10 11 12 13 14 15 | 15.0
Poison Magic   | 1 2 3 4 5 6 7 8 9 10 11 12 13 14 15 | 15.0
Fighting       | 3 4 5 6 7 8 9 10 12 13 14 16 17 18 19 20 21 22 | 22.7
Ranged Weapons | 5 6 7 8 9 10 11 12 13 14 15 16 17 18 | 18.1
Dodging        | 5 6 7 8 9 10 11 12 13 14 15 16 17 18 | 18.1
Hexes          | 6 7 8 9 10 11 12 13 14 15 | 15.8

Action                     |  1- 3 |  4- 6 |  7- 9 | 10-12 | 13-15 | 16-18 | 19-21 | 22-24 | 25-27 || total
---------------------------+-------+-------+-------+-------+-------+-------+-------+-------+-------++-------
  Melee: Unarmed           |     1 |       |       |       |       |       |       |       |       ||     1
   Fire: Sling             |   103 |    67 |       |       |       |       |       |       |       ||   170
         Arbalest          |       |    39 |   296 |   396 |   145 |       |       |       |       ||   876
         Longbow           |       |       |       |       |   598 |   935 |  1317 |   904 |   697 ||  4451
         Shortbow          |       |       |       |       |    12 |       |       |       |       ||    12
   Cast: Jinxbite          |     8 |    13 |    38 |     8 |       |       |       |       |       ||    67
         Inner Flame       |       |     5 |       |     3 |       |       |       |       |       ||     8
         Sigil of Binding  |       |     4 |     3 |       |       |       |       |       |       ||     7
         Cause Fear        |       |       |     2 |     1 |       |       |    10 |       |       ||    13
         Dimensional Bulls |       |       |       |    24 |    28 |       |       |       |       ||    52
         Olgreb's Toxic Ra |       |       |       |    69 |    71 |   103 |     4 |     4 |       ||   251
         Summon Lightning  |       |       |       |       |       |     4 |     2 |     2 |       ||     8
         Death Channel     |       |       |       |       |       |       |    11 |     1 |       ||    12
 Invoke: Call Merchant     |       |       |       |     2 |     2 |     1 |       |     1 |       ||     6
         Bribe Branch      |       |       |       |       |       |     1 |     1 |       |     2 ||     4
         Potion Petition   |       |       |       |       |       |       |       |     7 |       ||     7
  Evoke: Wand              |       |     5 |     5 |    19 |     2 |     1 |     4 |     1 |     6 ||    43
         Condenser vane    |       |       |       |       |       |     2 |     2 |     3 |     2 ||     9
         Box of beasts     |       |       |       |       |       |     1 |     2 |       |     2 ||     5
         Lightning rod     |       |       |       |       |       |       |     4 |     3 |     7 ||    14
    Use: Potion            |     1 |     1 |     3 |     3 |     8 |     5 |     2 |    12 |     2 ||    37
         Scroll            |       |     5 |     3 |    11 |    20 |    11 |     6 |    12 |    11 ||    79
 Armour: Robe              |    26 |    14 |   147 |   117 |    91 |   110 |       |       |       ||   505
         Skin              |       |       |       |     1 |     9 |       |       |       |    15 ||    25
         Ring mail         |       |       |       |       |       |    21 |   197 |    76 |       ||   294
         Fire dragon scale |       |       |       |       |       |       |       |    63 |   103 ||   166
  Dodge: Dodged            |    23 |    12 |   209 |   176 |   120 |   251 |   280 |   145 |   107 ||  1323
  Block: Other             |       |       |       |    16 |    20 |    42 |    47 |    19 |    24 ||   168
         Reflection        |       |       |       |     4 |     1 |     1 |    15 |     2 |     2 ||    25

Table legend: (Time is in decaauts)
 A = Elapsed time spent in this place.
 B = Non-inter-level travel time spent in this place.
 C = Inter-level travel time spent in this place.
 D = Time resting spent in this place.
 E = Time spent auto-exploring this place.
 F = Levels seen in this place.
 G = Mean time per level.
                   A        B        C        D        E       F      G
               +--------+--------+--------+--------+--------+-----+--------+
         Total |  57842 |  53362 |   4480 |   2975 |  41429 |  57 | 1014.8 |
       Dungeon |  17183 |  15463 |   1720 |    798 |  12358 |  15 | 1145.5 |
          Lair |   5760 |   5071 |    689 |      0 |   4251 |   5 | 1152.0 |
         Swamp |   3965 |   3707 |    258 |    639 |   2535 |   4 |  991.2 |
   Spider Nest |   5120 |   4837 |    283 |    135 |   4079 |   4 | 1280.0 |
  Orcish Mines |   2430 |   2096 |    334 |     37 |   1659 |   2 | 1215.0 |
   Elven Halls |   3380 |   3212 |    168 |     65 |   2650 |   3 | 1126.7 |
        Vaults |   8663 |   8284 |    379 |    212 |   6810 |   5 | 1732.6 |
        Depths |   5679 |   5342 |    337 |    420 |   3847 |   4 | 1419.8 |
           Zot |   1853 |   1545 |    308 |    118 |   1003 |   5 |  370.6 |
      Ziggurat |   1035 |   1035 |      0 |      0 |    841 |   7 |  147.9 |
       Ossuary |   1164 |   1164 |      0 |    141 |    654 |   1 | 1164.0 |
        Wizlab |   1010 |   1010 |      0 |    322 |    455 |   1 | 1010.0 |
      Gauntlet |    595 |    595 |      0 |     86 |    285 |   1 |  595.0 |
               +--------+--------+--------+--------+--------+-----+--------+

Top non-repeatable levels by time:
Vaults:3: 2170 daAuts
Vaults:2: 2059 daAuts
   Orc:2: 1851 daAuts
Spider:4: 1784 daAuts
  Lair:5: 1667 daAuts
     D:6: 1643 daAuts
    D:11: 1588 daAuts
Vaults:1: 1581 daAuts
Depths:2: 1570 daAuts
   Elf:3: 1543 daAuts
    D:10: 1538 daAuts
Vaults:5: 1526 daAuts
Spider:1: 1514 daAuts
Depths:3: 1513 daAuts
Depths:1: 1459 daAuts
